[Event "ITT 1st Parada Jamundi 2022"]
[Site "Jamundi Valle"]
[Date "2022.12.09"]
[Round "7.28"]
[White "Galan Palacio, Anjaly Daniela"]
[Black "Cajamarca Gordillo, Sebastian Alejandro"]
[Result "0-1"]
[ECO "C56"]
[WhiteElo "1758"]
[BlackElo "1618"]
[Annotator "NA RC COMBH"]
[PlyCount "110"]
[EventDate "2022.12.05"]
[EventType "swiss"]
[EventCountry "COL"]
[SourceTitle "playchess.com"]
[Source "ChessBase"]
[SourceQuality "1"]
[TimeControl "5400+30"]

1. e4 e5 2. Nf3 Nc6 3. d4 exd4 4. Bc4 Nf6 5. e5 d5 6. Bb5 Ne4 7. Nxd4 Bd7 8. Nxc6 Bxc6 9. Bxc6+ bxc6 10. O-O Bc5 11. Qe2 Rb8 12. c3 Qh4 13. b4 Bb6 14. Be3 O-O 15. g3 Qe7 16. f3 Nxc3 17. Nxc3 d4 18. Bf2 dxc3 19. a3 Rfe8 20. Rfe1 Bxf2+ 21. Kxf2 c5 22. b5 Qd7 23. Rad1 Qxb5 24. Qxb5 Rxb5 25. Rc1 Rb2+ 26. Re2 Rxe2+ 27. Kxe2 Rxe5+ 28. Kd3 Kf8 29. Rxc3 Ke7 30. Kc4 c6 31. Rb3 Rd5 32. Rb2 g5 33. Rb8 Rf5 34. Rb3 Kd6 35. Re3 h5 36. h3 h4 37. g4 Rf4+ 38. Kc3 Kd5 39. Rd3+ Rd4 40. Re3 Rc4+ 41. Kb3 Rd4 42. Kc3 c4 43. Re7 Rd3+ 44. Kb4 Rb3+ 45. Ka4 Rxf3 46. Rxa7 Rxh3 47. Rxf7 Re3 48. Rd7+ Kc5 49. Ra7 Rb3 50. Rf7 Rd3 51. Ra7 Rd5 52. Ra5+ Kd4 53. Ra7 Kd3 54. Rf7 c3 55. Rf3+ Kc2 0-1

[Event "ITT 1st Parada Jamundi 2022"]
[Site "Jamundi Valle"]
[Date "2022.12.09"]
[Round "7.29"]
[White "Caro Gallego, James Stiven"]
[Black "Rodriguez Vila, Andres"]
[Result "1-0"]
[ECO "A40"]
[WhiteElo "1884"]
[BlackElo "2442"]
[Annotator "TA"]
[PlyCount "61"]
[EventDate "2022.12.05"]
[EventType "swiss"]
[EventCountry "COL"]
[SourceTitle "playchess.com"]
[Source "ChessBase"]
[SourceQuality "1"]
[TimeControl "5400+30"]

1. d4 e5 2. dxe5 Nc6 3. Nf3 Qe7 4. g3 Nxe5 5. Nxe5 Qxe5 6. Bg2 Nf6 7. a3 Bc5 8. Nc3 c6 9. Bf4 {[%emt 0:00:42] Prevents d5. A40: Unusual replies to 1 d4.} Qe6 {[%emt 0:02:29] [#]} 10. Qd3 $146 ({Predecessor:} 10. b4 Bb6 11. O-O O-O 12. Na4 Bd8 13. Nc5 Qc4 14. Re1 Be7 15. Nb3 d5 16. Nd2 Qc3 {1-0 (32) Brzezinska,M-Studzinska,K (1745) Augustow 1996}) 10... Ng4 (10... O-O $11) 11. Ne4 $16 {[%emt 0:00:41] White is better.} Be7 {[%emt 0:00:25] [#]} 12. Nd6+ $1 Bxd6 13. Bxd6 Ne5 14. Qd4 f6 15. b3 {[%emt 0:00:30] White is more active.} b6 16. O-O (16. O-O-O {simplifies} Nf7 17. Rd3 Qxd6 18. Qxd6 Nxd6 19. Rxd6 Rf8 20. Rhd1) 16... Ba6 (16... Nf7 $14 17. Rad1 Ba6) 17. Rfe1 Rc8 {[%emt 0:00:56] [#]} (17... Bb7 $14) 18. f4 (18. e4 $1 $18) 18... Ng4 $2 {[%emt 0:03:18][%mdl 8192] This move loses the game for Black.} (18... Nf7 $16) 19. e4 $18 Kf7 20. h3 Nh6 21. f5 Qe8 22. g4 {[%emt 0:00:23] Hoping for e5.} Qd8 23. e5 Re8 24. exf6 gxf6 (24... Qxf6 $142 25. Bd5+ cxd5 26. Qxd5+ Re6) 25. Kf2 b5 26. Rxe8 Kxe8 27. Re1+ (27. Qe3+ $142 Kf7 28. Qxh6) 27... Kf7 28. Re7+ Kg8 29. Qxf6 {[%emt 0:01:19][%csl Ge7][%cal Rf6g7] White mates.} Qb6+ 30. Kg3 Nf7 31. Re1 {Weighted Error Value: White=0.29 (precise) /Black=0.69} (31. Qxf7+ $142 Kh8 32. Qxh7#) 1-0

[Event "ITT 1st Parada Jamundi 2022"]
[Site "Jamundi Valle"]
[Date "2022.12.10"]
[Round "8.1"]
[White "Henriquez Villagra, Cristobal"]
[Black "Aguero Jimenez, Luis Lazaro"]
[Result "1-0"]
[ECO "C42"]
[WhiteElo "2587"]
[BlackElo "2465"]
[Annotator "TA"]
[PlyCount "125"]
[EventDate "2022.12.05"]
[EventType "swiss"]
[EventCountry "COL"]
[SourceTitle "playchess.com"]
[Source "ChessBase"]
[SourceQuality "1"]
[TimeControl "5400+30"]

1. e4 e5 2. Nf3 Nf6 3. Nxe5 d6 4. Nf3 Nxe4 5. c4 Be7 6. d4 d5 7. Nc3 Nxc3 8. bxc3 O-O 9. Bd3 dxc4 10. Bxc4 Nc6 11. O-O Bf5 {C42: Petroff Defence: 3 Nxe5 and unusual White 3rd moves.} 12. Re1 Bd6 13. h3 h6 {[%emt 0:00:00] The position is equal.} 14. Bb5 Qf6 {[%emt 0:00:00] [#]} 15. Be3 $146 ({Predecessor:} 15. Bd3 Rad8 16. Be3 Rfe8 17. Bxf5 Qxf5 18. Qb1 Qxb1 19. Raxb1 b6 20. c4 g5 21. g4 Bf8 22. d5 Ne5 23. Nxe5 Rxe5 24. Bd4 Rxe1+ 25. Rxe1 b5 26. Bf6 Rd6 {½-½ (24) Kostic,V (2297)-Saurabh,A (2304) Novi Sad 2021}) 15... a6 16. Bd3 Rfe8 17. a4 Ne7 18. Bxf5 Nxf5 19. Qd3 Re7 20. Rab1 b6 21. Bd2 (21. Rbd1 {simplifies} Nxe3 22. Rxe3 a5 23. Rxe7 Qxe7 24. Qb5) 21... Nh4 (21... Rxe1+ {simplifies} 22. Rxe1 a5 23. Qe4 Rd8) 22. Nxh4 Qxh4 (22... Rxe1+ {simplifies} 23. Rxe1 Qxh4 24. Qf5 Qd8) 23. Kf1 Qf6 24. Ra1 a5 25. Rxe7 Qxe7 26. Qb5 Qe8 27. Qxe8+ Rxe8 $14 {[%mdl 4096] Endgame KRB-KRB} 28. Rb1 Be7 29. Rb5 Rd8 30. Ke2 Kf8 31. g3 Ke8 32. h4 Kd7 33. Be3 Kc6 34. c4 Bd6 35. Rf5 Rf8 36. h5 Kd7 37. Kd3 Bb4 38. Rd5+ Kc8 39. Rb5 Kd7 40. g4 Bd6 (40... Rc8 $14) 41. Rf5 ({Better is} 41. c5 $16 bxc5 42. dxc5) 41... Bb4 (41... Be7 $14) 42. Rd5+ (42. g5 $18) 42... Kc8 43. Rb5 (43. c5 $142) 43... Kd7 (43... Rd8 $142) 44. Rf5 {White is more active.} (44. g5 $1 $16 ) 44... f6 45. Rf4 Rb8 46. d5 {Black must now prevent Re4.} Bd6 (46... Rc8 $14) 47. Re4 $16 Be5 (47... f5 $16 48. gxf5 Rf8) 48. Bd4 (48. f4 $18 Bd6 49. Re6) 48... Bxd4 (48... Rf8 $16) 49. Kxd4 {Hoping for Re6. KR-KR} Rf8 {[#]} (49... c6 $142 50. Re6 cxd5 51. Kxd5 Kd8) 50. f3 $2 (50. Re6 $1 $18 {is the precise move to win.}) 50... Rf7 51. Re6 f5 52. Rg6 {Threatens to win with g5.} fxg4 53. fxg4 {And now c5 would win.} ({Don't take} 53. Rxg4 Kd8 $14) 53... Re7 $2 {[#] Loses the game.} (53... Rf4+ $16 54. Ke5 Rf7) 54. c5 $1 $18 bxc5+ 55. Kxc5 Kc8 56. Kb5 Re5 $2 (56... Rd7 57. Kc6 (57. Kxa5 Rxd5+ 58. Kb4 Rd7 $16) 57... Rd8 58. Rxg7 Rd6+ 59. Kc5 Rf6) 57. Kc6 {White wants to mate with Re6.} ({Not} 57. Rxg7 Rxd5+ 58. Ka6 Re5 $18) 57... Re7 (57... Re1 $18 58. Rxg7 Rc1+ 59. Kb5 Rd1) 58. Re6 {White mates.} Rd7 59. Re8+ Rd8 60. Rxd8+ Kxd8 61. Kb5 Kd7 62. Kxa5 Kd6 63. Kb5 {[%emt 0:25:33] Weighted Error Value: White=0.13 (very precise) /Black=0.31} 1-0

[Event "ITT 1st Parada Jamundi 2022"]
[Site "Jamundi Valle"]
[Date "2022.12.10"]
[Round "8.2"]
[White "Cardoso Cardoso, Jose Gabriel"]
[Black "Avila Pavas, Santiago"]
[Result "1-0"]
[ECO "A58"]
[WhiteElo "2483"]
[BlackElo "2461"]
[Annotator "TA"]
[PlyCount "107"]
[EventDate "2022.12.05"]
[EventType "swiss"]
[EventCountry "COL"]
[SourceTitle "playchess.com"]
[Source "ChessBase"]
[SourceQuality "1"]
[TimeControl "5400+30"]

1. d4 Nf6 2. c4 c5 3. d5 b5 4. cxb5 a6 5. bxa6 e6 6. Nc3 {[%emt 0:00:30] A58: Benko/Volga Gambit: Lines with 5 bxa6.} exd5 7. Nxd5 Be7 8. Nxe7 {[%emt 0:00:30] White is slightly better.} (8. Nf3 {simplifies} Nxd5 9. Qxd5 Rxa6 10. Bd2) 8... Qxe7 9. Bf4 d5 10. e3 O-O 11. Nf3 Rd8 12. a3 {[%emt 0:00:30] [#]} (12. Be2 {simplifies} Bxa6 13. O-O Nc6 14. Bg5) 12... d4 $146 ({Predecessor:} 12... Ne4 13. Bb5 Bxa6 14. Bxa6 Rxa6 15. O-O Nc6 16. Nd2 Nxd2 17. Qxd2 Na5 18. Qc3 c4 {½-½ (27) Hartl,H (2450)-Kuntze,A (2384) ICCF email 2020}) 13. Qb3 dxe3 14. fxe3 (14. Bxb8 $2 {too greedy.} Ng4 15. fxe3 Rxb8 $1 $19 ) 14... Nc6 {[%emt 0:00:30] Prevents Ne5.} (14... Nbd7 $14) 15. Bb5 $16 Be6 (15... Nd4 $16 16. Nxd4 cxd4) 16. Qc2 $1 $18 Bd7 17. O-O Nb4 18. axb4 Bxb5 19. Qxc5 Qe8 20. Rfd1 {[%emt 0:00:30] Threatens to win with Rxd8.} Bxa6 21. Nd4 Bb7 22. Rxa8 Bxa8 23. h3 (23. Ra1 {simplifies} Qe4 24. Qc2 Qxc2 25. Nxc2 Bb7 26. Be5) 23... Qe4 24. Rd2 h6 25. Kh2 Kh7 26. Qe5 {[%emt 0:00:30] Inhibits Nd5.} Qg6 27. Qa5 Re8 28. Qf5 Nd5 29. b5 Qxf5 30. Nxf5 g5 31. Bg3 (31. Bd6 $16) 31... Nxe3 32. Nxe3 Rxe3 $14 {[%emt 0:00:30][%mdl 4096] Endgame [#] KRB-KRB} 33. b6 ({Better is} 33. b4 $1 $16) 33... Rb3 $1 34. Bf2 Be4 35. Kg1 Rb4 36. Bc5 Rb3 37. Kf2 (37. Rd7 $16) 37... Kg7 {[%emt 0:00:30] [#]} (37... h5 $11 {keeps the balance.}) 38. Rd6 $1 $16 f5 (38... Rxb2+ $2 39. Ke3 $18) (38... h5 $16) 39. Bd4+ $18 Kh7 40. Rd7+ (40. Re6 $18) 40... Kg8 41. Re7 Bc6 $2 {[%emt 0:00:30] This costs Black the game.} (41... Rb4 $16) 42. Re6 Be4 43. Rxh6 Kf7 44. Rf6+ Ke8 45. Rg6 Kd7 $2 (45... Rb4 {keeps fighting.}) 46. Rxg5 Rb4 47. Ke3 Ke6 (47... Bb1 $142 48. Bc5 Rb3+ 49. Kd4 Rxb2 50. Rg7+ Ke6) 48. Bc3 Rb5 49. h4 {[%emt 0:00:30][%cal Bh3h4,Bh4h5,Bh5h6][%mdl 32] h5 is the strong threat.} Rd5 50. Bd4 Rb5 51. h5 {[%emt 0:00:30] White wants to mate with h6.} f4+ 52. Kxf4 {[%emt 0:00:30] White mates.} Rxg5 53. Kxg5 Bxg2 54. h6 {[%emt 0:00:30] Weighted Error Value: White=0.16 (very precise) /Black=0.36} 1-0

[Event "ITT 1st Parada Jamundi 2022"]
[Site "Jamundi Valle"]
[Date "2022.12.09"]
[Round "8.3"]
[White "Rios, Cristhian Camilo"]
[Black "Mirzoev, Azer"]
[Result "1/2-1/2"]
[ECO "C01"]
[WhiteElo "2456"]
[BlackElo "2462"]
[Annotator "TA"]
[PlyCount "21"]
[EventDate "2022.12.05"]
[EventType "swiss"]
[EventCountry "COL"]
[SourceTitle "playchess.com"]
[Source "ChessBase"]
[SourceQuality "1"]
[TimeControl "5400+30"]

1. e4 e6 2. d4 d5 3. exd5 exd5 4. Bd3 Nf6 5. Qe2+ Qe7 6. Qxe7+ {[%emt 0:00:08] C01: French: Exchange Variation.} Bxe7 {[%emt 0:00:26] The position is equal.} 7. Bf4 c6 8. Nd2 {[%emt 0:00:11] [#]} O-O $146 ({Predecessor:} 8... Bg4 9. f3 Be6 10. O-O-O Nbd7 {½-½ (10) Cabarkapa,N (2432)-Farkas,T (2315) Novi Sad 2017}) 9. Ngf3 Nbd7 10. O-O Re8 11. Rfe1 {[%emt 0:00:09] Not much happened in this game.   Weighted Error Value: White=0.03 (flawless) /Black=0.10 (very precise)} 1/2-1/2

[Event "ITT 1st Parada Jamundi 2022"]
[Site "Jamundi Valle"]
[Date "2022.12.10"]
[Round "8.4"]
[White "Delgado Ramirez, Neuris"]
[Black "Cori Quispe, Kevin Joel"]
[Result "1/2-1/2"]
[ECO "B23"]
[WhiteElo "2572"]
[BlackElo "2469"]
[Annotator "TA"]
[PlyCount "63"]
[EventDate "2022.12.05"]
[EventType "swiss"]
[EventCountry "COL"]
[SourceTitle "playchess.com"]
[Source "ChessBase"]
[SourceQuality "1"]
[TimeControl "5400+30"]

1. e4 c5 2. Nc3 Nc6 3. Bb5 Nd4 4. Bd3 g6 5. Nf3 Bg7 {[#]} 6. Nd5 $146 {B23: Closed Sicilian: Lines without g3.} (6. O-O $11) ({Predecessor:} 6. Nxd4 cxd4 7. Ne2 d6 8. c3 dxc3 9. dxc3 Nf6 10. O-O O-O 11. h3 b6 12. Re1 {1-0 (45) Predke,A (2676)-Dubov,D (2690) Moscow 2019}) 6... e6 $17 7. Ne3 Ne7 8. c3 {Black is slightly better.} Ndc6 (8... Nxf3+ $15 9. Qxf3 b6) 9. h4 h6 10. Bc2 d5 11. d3 d4 12. cxd4 cxd4 13. Nf1 e5 14. h5 g5 15. N3d2 Be6 16. a3 Qd7 17. Bb3 Bg4 18. f3 Be6 19. Bxe6 Qxe6 20. b4 O-O 21. Qb3 Qd7 (21... Nd8 $11) 22. a4 $14 Rac8 23. Nc4 Nd8 24. Nh2 Ne6 25. Ng4 (25. O-O $142) 25... f6 (25... f5 $1 $11 26. Nf2 (26. Ngxe5 Qc7 $17) (26. Ncxe5 $2 Qd6 $17) 26... Kh7) 26. Ba3 (26. Kf2 $14) 26... Kh7 (26... f5 $5 27. Nf2 (27. Ngxe5 Qc7 $17) (27. Ncxe5 Bxe5 28. Nxe5 Qd6 $11) 27... Kh7 $11) 27. Kd2 (27. b5 $14) 27... Rc7 (27... f5 $5 28. Ngxe5 Bxe5 29. Nxe5 Qd6 $11) 28. Rac1 Rfc8 29. a5 Ng8 30. b5 {[%emt 0:17:50] [#] Black must now prevent b6. Active counter play!} Nc5 $1 {[%emt 0:00:00] Against b6} 31. Bxc5 {[%emt 0:01:12] Dancing on a razor blade.} Rxc5 32. Rb1 {[%emt 0:42:13] Weighted Error Value: White=0.20 (precise) /Black=0.19 (very precise)} 1/2-1/2

[Event "ITT 1st Parada Jamundi 2022"]
[Site "Jamundi Valle"]
[Date "2022.12.10"]
[Round "8.5"]
[White "Herrera, Juan Sebastian"]
[Black "Cruz, Cristhian"]
[Result "0-1"]
[ECO "D36"]
[WhiteElo "2297"]
[BlackElo "2552"]
[Annotator "TA"]
[PlyCount "50"]
[EventDate "2022.12.05"]
[EventType "swiss"]
[EventCountry "COL"]
[SourceTitle "playchess.com"]
[Source "ChessBase"]
[SourceQuality "1"]
[TimeControl "5400+30"]

1. d4 e6 2. c4 Nf6 3. Nc3 d5 4. cxd5 exd5 5. Bg5 c6 6. Qc2 h6 7. Bh4 Be7 8. e3 O-O 9. Bd3 Re8 10. Nge2 a5 11. O-O Nbd7 12. f3 b5 {[%emt 0:00:30] D36: Queen's Gambit Declined: Exchange Variation: Main line (5 Bg5 c6 6 Qc2).} 13. Kh1 Ba6 14. Rad1 {[%emt 0:00:30] [#]} Qb8 $146 ({Predecessor:} 14... Nf8 15. Bf2 Ne6 16. e4 dxe4 17. fxe4 Qc8 18. e5 Nd5 19. Bg1 b4 20. Ne4 a4 21. Bxa6 Qxa6 {1-0 (46) Nagy,G (2518)-Lodici,L (2483) Tornelo INT 2021}) 15. Bf2 a4 16. Bg1 Qb7 17. a3 b4 {[%emt 0:14:12] [#] Against e4. And now ...Bxd3 would win.} 18. axb4 Bxd3 19. Rxd3 Qxb4 20. e4 Nb6 21. Ra1 (21. e5 $5 ) 21... Reb8 22. e5 Nh7 23. Na2 Qa5 24. b3 {[%emt 0:00:00] Inhibits Nc4.} (24. Qxc6 $2 {is the wrong capture.} Rc8 25. Qb7 Ra7 $19) 24... axb3 25. Rxb3 Nc4 {[%emt 0:00:07][%mdl 32768] A balanced but interesting game.   Weighted Error Value: White=0.08 (flawless) /Black=0.04 (flawless) . Loss on time!?} 0-1

[Event "ITT 1st Parada Jamundi 2022"]
[Site "Jamundi Valle"]
[Date "2022.12.10"]
[Round "8.6"]
[White "Zuluaga Mancilla, Cesar"]
[Black "Campos Gomez, Manuel"]
[Result "1/2-1/2"]
[ECO "E90"]
[WhiteElo "2230"]
[BlackElo "2322"]
[Annotator "TA"]
[PlyCount "116"]
[EventDate "2022.12.05"]
[EventType "swiss"]
[EventCountry "COL"]
[SourceTitle "playchess.com"]
[Source "ChessBase"]
[SourceQuality "1"]
[TimeControl "5400+30"]

1. d4 Nf6 2. c4 g6 3. Nc3 Bg7 4. Nf3 O-O 5. e4 d6 6. h3 e5 7. d5 Nh5 8. g3 {[%emt 0:00:37] E90: King's Indian: Classical: Early deviations and 6 h3.} f5 9. Bd3 (9. exf5 $14 gxf5 10. Nh4) 9... Na6 $11 10. Qe2 {[%emt 0:02:43] The position is equal.} (10. Bg5 Qe8 $15) 10... Nf6 {[%emt 0:00:30] [#]} 11. Bg5 $146 ({Predecessor:} 11. Be3 f4 12. gxf4 exf4 13. Bd4 Nd7 14. Bxg7 Kxg7 15. O-O-O Qe7 16. Rdg1 Ne5 17. a3 {1-0 (27) Rajcevic,S (2104)-Smolovic,M (2327) Belgrade 2014}) 11... h6 12. Bxf6 Qxf6 13. Nd2 h5 14. O-O-O Bd7 15. Rdf1 c6 16. a3 Rab8 17. Kb1 Nc7 18. f3 cxd5 (18... f4 $5 19. g4 h4 $11) 19. cxd5 b5 20. Na2 a5 (20... Nxd5 {keeps more tension.} 21. exd5 e4 22. Nxe4 fxe4 23. fxe4 Qg5) 21. Nb3 b4 22. axb4 axb4 23. Rc1 (23. Nac1 $11) 23... Na8 (23... Qd8 $15) 24. Na5 Bh6 25. Nc6 {[%emt 0:00:30] [#]} Rb6 (25... b3 $142 $1 26. Nc3 Bxc6 27. dxc6 Bxc1 28. Rxc1 Nc7) 26. Rc4 b3 27. Nc3 Rc8 $2 {[%emt 0:00:30] Prevents f4.} (27... Kh8 $1 $14) 28. exf5 gxf5 29. g4 $1 {[%emt 0:00:30] Rg1 is the strong threat. White is more active.} Kh8 30. Bxf5 (30. gxf5 $18 {is more deadly.} Bxf5 31. Bxf5 Qxf5+ 32. Qe4 Qxe4+ 33. fxe4 (33. Nxe4 Ra6 $16)) 30... Bxf5+ $16 31. gxf5 Qxf5+ 32. Qe4 Rf8 (32... Qxe4+ $16 33. fxe4 (33. Nxe4 Ra6 $16) 33... Re8) 33. Ne7 $1 $36 {[%emt 0:00:30][%mdl 2048] White is really pushing. Pair of Knights!} Qxe4+ 34. fxe4 {[%emt 0:00:30] Hoping for Ng6+.} Kh7 {Against Ng6} 35. Nf5 Rg8 (35... Rf7 $16 36. Ra4 Nc7) 36. Rf1 Bd2 (36... Rb7 $142 37. Nxd6 Rbg7) 37. Ne2 Ra6 38. Rg1 Rf8 39. Rg3 Rb8 40. Rg7+ Kh8 41. Nc1 Rf8 42. Rg3 (42. Nxb3 Rxf5 43. exf5 (43. Nxd2 Kxg7 44. exf5 Kf6 $16) 43... Kxg7 $16) (42. Re7 $142) 42... Nb6 43. Rc6 Bxc1 {[#]} (43... Ra4 $142) 44. Kxc1 $2 (44. Rxc1 Nxd5 45. Rg6 Ra7 $11) (44. Rxb3 $1 $18 {and the rest is easy.} Bf4 45. Rbxb6 Rxb6 46. Rxb6) 44... Ra1+ $16 45. Kd2 Nxd5 46. Rxb3 ({White should try} 46. exd5 $16 Rxf5 47. Rxd6) 46... Nf6 (46... Rh1 $1 $14) 47. Nxd6 (47. Rxd6 $2 {perishes.} Nxe4+ 48. Kc2 Rxf5 $19) 47... Rh1 {[#]} 48. Re3 $1 Rg8 49. b3 Ra8 (49... Rgg1 $16 {is a better defense.}) 50. Nf7+ Kg8 $2 (50... Kg7) 51. Nxe5 $2 (51. Rxf6 Kg7 52. Rf5) 51... Rd8+ 52. Kc2 ({Don't take} 52. Kc3 $6 Rc1+ 53. Kb4 (53. Kb2 Rxc6 54. Nxc6 Rd6 $18) 53... Rf1 54. Rg3+ Kf8 $18) 52... h4 {Inhibits Rg3+.} (52... Rf1 53. b4 Re8) 53. Rc7 $2 (53. Rxf6 $18 {is the precise move to win.} Re8 54. Nc4) 53... Kf8 $2 (53... Rh2+ $16 54. Kc1 Re8) 54. Nd3 $2 (54. Rf7+ $18 {and White stays clearly on top.} Ke8 55. Rxf6) 54... Rh2+ 55. Kc3 {[%emt 0:00:30] Threatens to win with Nc5.} Re8 $2 (55... Rg2 $16) 56. Kd4 (56. Rf3 $142 Kg8 57. Rxf6 Rxh3 58. Rg6+ Kh8 59. Rh6+ Kg8 60. Rd7) 56... Rd8+ 57. Ke5 Nd7+ 58. Ke6 Nb8 $2 {[%mdl 32768] Weighted Error Value: White=0.59/Black=0.59. An unexpected result.} (58... Ke8 59. e5 Rg2) 1/2-1/2

[Event "ITT 1st Parada Jamundi 2022"]
[Site "Jamundi Valle"]
[Date "2022.12.10"]
[Round "8.7"]
[White "Argote Heredia, Valentina"]
[Black "Mora Munoz, Alejandro"]
[Result "1-0"]
[ECO "B76"]
[WhiteElo "2140"]
[BlackElo "1959"]
[Annotator "TA"]
[PlyCount "115"]
[EventDate "2022.12.05"]
[EventType "swiss"]
[EventCountry "COL"]
[SourceTitle "playchess.com"]
[Source "ChessBase"]
[SourceQuality "1"]
[TimeControl "5400+30"]

1. e4 c5 2. Nf3 d6 3. d4 cxd4 4. Nxd4 Nf6 5. Nc3 g6 6. Be3 Bg7 7. f3 O-O 8. Qd2 d5 9. e5 Nfd7 10. f4 $1 {White has more active pieces.} (10. Nxd5 $6 Nxe5 11. Nc3 Nec6 $11) 10... Nc6 {B76: Sicilian Dragon: Yugoslav Attack, 9 g4 and 9 0-0-0.} 11. O-O-O (11. Nxd5 Ndxe5 $1 12. Nxc6 Nxc6 $15) 11... Nb6 12. Be2 e6 {[#]} (12... f6 $1 $14) 13. h4 $1 $18 f6 14. exf6 ({White should play} 14. Nxc6 $18 bxc6 15. h5) 14... Qxf6 $16 15. g3 {[#]} ({Better is} 15. Nxc6 $16 bxc6 16. h5) 15... Nxd4 $146 ({Predecessor:} 15... Bd7 16. Rhe1 e5 17. fxe5 Nxe5 18. Bg5 Qd6 19. Bf4 Rac8 20. Kb1 a6 21. Nf3 Nxf3 22. Bxf3 Bxc3 23. bxc3 {½-½ (29) Vrenegoor,T (2350)-Afek,Y (2360) Netherlands 2001}) 16. Bxd4 Qxd4 17. Qxd4 Bxd4 18. Rxd4 Bd7 19. Re1 Rfe8 20. Bf1 {Inhibits e5.} Rac8 21. Nd1 Rc7 22. Nf2 Nc8 23. Ng4 {Nf6+ is the strong threat.} Kg7 {Against Nf6} 24. Ne5 Nd6 25. Bh3 {aiming for Nxd7.} Bc8 26. Rd3 Ne4 27. Bg2 Nc5 28. Rd2 a5 29. Kb1 Rce7 30. c4 dxc4 31. Nxc4 e5 {Hoping for ...Bf5+.} 32. Nd6 $36 {[%mdl 2048] White has some pressure.} ({Of course not} 32. Rxe5 $6 Bf5+ 33. Ka1 Nd3 34. Rxe7+ (34. Rxa5 $2 Re1+) 34... Rxe7 $15) 32... Bf5+ 33. Ka1 {White leaves nothing to chance now.} e4 $2 34. Nxe8+ $18 Rxe8 35. Re3 Kf7 36. Bf1 h5 37. b3 Rc8 38. Bc4+ Kf6 39. Rd6+ Ke7 40. Rd5 Kf6 41. Kb2 Nd3+ 42. Kc3 ({Weaker is} 42. Bxd3 exd3 43. Rd6+ (43. Rxa5 Rd8 $14) 43... Kf7 $18) 42... Nf2 43. Re2 {Against a4. White is clearly winning.} ({Less strong is} 43. Rxa5 Nd1+ 44. Kd4 Nxe3 45. Kxe3 Rc6 $18) 43... Ng4 44. Rxa5 e3 45. Rb5 Be4 46. Rb6+ Kg7 47. Kb4 Rd8 48. Re6 Bf3 49. R2xe3 Nxe3 50. Rxe3 {[%mdl 4096] Endgame KRB-KRB} Bc6 51. a4 Kf6 52. Re5 Rd1 53. Bb5 {And now Bxc6 would win.} Bg2 54. Re3 Rb1 55. Kc5 Rb2 56. Re2 Rxe2 57. Bxe2 Kf5 58. Kd4 {[%emt 0:52:39] Weighted Error Value: White=0.11 (very precise) /Black=0.31} 1-0

[Event "ITT 1st Parada Jamundi 2022"]
[Site "Jamundi Valle"]
[Date "2022.12.10"]
[Round "8.8"]
[White "Paredes Lagos, Anthony Javier"]
[Black "Malka, Samuel"]
[Result "1-0"]
[ECO "E05"]
[WhiteElo "2230"]
[BlackElo "2265"]
[Annotator "TA"]
[PlyCount "71"]
[EventDate "2022.12.05"]
[EventType "swiss"]
[EventCountry "COL"]
[SourceTitle "playchess.com"]
[Source "ChessBase"]
[SourceQuality "1"]
[TimeControl "5400+30"]

1. d4 d5 2. c4 e6 3. g3 Nf6 4. Bg2 Be7 5. Nf3 O-O 6. O-O dxc4 7. Qc2 b5 8. a4 {[%emt 0:00:30] E05: Open Catalan: 5 Nf3 Be7.} b4 {[%emt 0:00:30] 8...Bb7 gains popularity.} 9. Qxc4 Ba6 10. Qc2 {[%emt 0:00:30] The position is equal.} Nbd7 11. Rd1 (11. Ne5 $11 {remains equal.}) 11... Nd5 (11... c5 $17 12. Ne5 Rc8) 12. e4 {[%emt 0:00:30] [#]} N5b6 $146 (12... N5f6 $11 {and Black stays safe.}) ({Predecessor:} 12... N5f6 13. Nbd2 c5 14. e5 Nd5 15. Ne4 cxd4 16. Rxd4 Rc8 17. Qb1 Qc7 18. Nfg5 g6 {1-0 (34) Rosenberg,E (2035)-Ouellet,M (2179) Chess.com INT 2022}) 13. b3 (13. a5 $18) 13... c5 14. a5 Nc8 15. dxc5 ({White should play} 15. e5 $16) 15... Bxc5 $14 16. e5 {[%emt 0:00:30] Against Nd6. White is more active.} (16. Bf1 $14 Bxf1 17. Kxf1) 16... h6 $2 (16... Ne7 $1 $11) 17. Nd4 $2 {[%emt 0:00:30] [#]} (17. Ne1 $18 Rb8 18. Bc6) 17... Ne7 $1 $11 18. Nc6 $1 Qe8 {[%emt 0:00:30] And now ...Rc8 would win.} (18... Nxc6 $5 19. Bxc6 Qc7 20. Bxa8 (20. Bxd7 Rfd8 $17) 20... Rxa8 $11) 19. Nxe7+ Qxe7 20. Bxa8 Rxa8 21. Qe4 {[%emt 0:00:30] [#]} ({Not} 21. Rxd7 $2 Qxd7 22. Nd2 Qd4 $19) (21. Bb2 $11) 21... Rc8 (21... Rd8 $1 $17 {[%cal Od7e5] aiming for ...Nxe5!} 22. Rd2 Nf8) 22. Be3 $16 Bxe3 (22... Bb5 $142) 23. Qxe3 Nc5 (23... Rc5 $16) 24. Nd2 $18 Qg5 25. Qxg5 hxg5 26. Rac1 {[%emt 0:00:30][%cal Od2e4] Hoping for Ne4!} Kh7 27. f3 g4 $2 (27... Bb7 28. Rc2 Kg6) 28. Ne4 Be2 $2 (28... Nxb3 29. Rxc8 Bxc8) 29. Re1 {[%emt 0:00:30] White is clearly winning.} ({Weaker is} 29. Rxc5 Rxc5 30. Nxc5 Bxd1 $11) ({Stronger than} 29. Nxc5 Bxd1 30. fxg4 Bxg4 $11) 29... Nxe4 30. fxe4 Rxc1 31. Rxc1 {[%emt 0:00:30] KR-KB} Bd3 32. Kf2 Bxe4 33. Rc4 Bd5 34. Rxb4 Kg6 35. Rxg4+ Kf5 36. Rxg7 {[%emt 0:00:30] Weighted Error Value: White=0.46/Black=0.93} 1-0